 Dungeon Crawl Stone Soup version 0.26-a0-259-g1effd001a9 (webtiles) character file.

Game seed: 16545577363576638910

174277 HoaS the Wrestler (level 18, -3/128 HPs)
             Began as a Gargoyle Gladiator on July 12, 2020.
             Was the Champion of Makhleb.
             Slain by a snapping turtle (15 damage)
             ... on level 4 of the Shoals.
             The game lasted 01:26:36 (29421 turns).

HoaS the Wrestler (Gargoyle Gladiator)             Turns: 29421, Time: 01:26:36

Health: -3/128     AC: 28    Str: 25    XL:     18   Next: 7%
Magic:  18/18      EV: 11    Int:  9    God:    Makhleb [******]
Gold:   1918       SH:  0    Dex: 12    Spells: 17/17 levels left

rFire    . . .     SeeInvis +     - Unarmed
rCold    . . .     Faith    .   (no shield)
rNeg     + . .     Spirit   .   q - +1 plate armour {MR+}
rPois    ∞         Reflect  .   o - +0 mask of the Dragon {MR+ Slay+3 SInv}
rElec    +         Harm     .   (no cloak)
rCorr    .                      x - +0 pair of gloves
MR       ++++.                  g - +2 pair of boots
Stlth    ..........             (no amulet)
HPRegen  0.31/turn              M - +4 ring of evasion
MPRegen  0.16/turn              h - ring of protection from magic

@: mighty, flying
A: big wings, negative energy resistance 1, electricity resistance, unbreathing,
petrification resistance, rot immunity, AC +13
a: Stop Flying, Minor Destruction, Lesser Servant of Makhleb, Major Destruction,
Greater Servant of Makhleb, Renounce Religion


You were on level 4 of the Shoals.
You worshipped Makhleb.
Makhleb was exalted by your worship.
You were not hungry.

You visited 5 branches of the dungeon, and saw 28 of its levels.
You also visited: Ossuary.

You collected 3353 gold pieces.
You spent 1435 gold pieces at shops.

Inventory:

Missiles
 a - 86 boomerangs
 e - 3 boomerangs of dispersal
 v - 75 poisoned darts
 A - 8 atropa-tipped darts
 B - 15 curare-tipped darts
 E - 12 javelins
 R - 4 throwing nets (quivered)
Armour
 g - a +2 pair of boots (worn)
 o - the +0 mask of the Dragon (worn) {MR+ Slay+3 SInv}
   (You bought it in a shop on level 2 of the Orcish Mines)

   It affects your accuracy and damage with ranged weapons and melee attacks
   (+3).
   It affects your resistance to hostile enchantments.
   It lets you see invisible.
 q - a +1 plate armour of magic resistance (worn)
 x - a +0 pair of gloves (worn)
Jewellery
 h - a ring of protection from magic (right hand)
 j - an uncursed ring of fire
 m - an uncursed ring of flight
 C - an uncursed ring of see invisible
 I - an uncursed ring of fire
 M - a +4 ring of evasion (left hand)
 O - an uncursed amulet of faith
 T - an uncursed ring of protection from cold
Wands
 b - a wand of iceblast (17)
 u - a wand of polymorph (9)
 w - a wand of enslavement (14)
 z - a wand of random effects (105)
 D - a wand of flame (48)
 H - a wand of digging (12)
 N - a wand of acid (24)
 P - a wand of clouds (9)
Scrolls
 c - 3 scrolls of fear
 f - 5 scrolls of teleportation
 k - 3 scrolls of summoning
 t - 16 scrolls of remove curse
 y - 6 scrolls of identify
 G - 2 scrolls of fog
 Q - a scroll of magic mapping
 S - a scroll of blinking
Potions
 i - 2 potions of lignification
 l - a potion of might
 n - 5 potions of haste
 p - 3 potions of resistance
 r - 4 potions of mutation
 s - 8 potions of curing
 F - a potion of heal wounds
 J - 2 potions of invisibility
 K - a potion of ambrosia
 L - 2 potions of cancellation
Comestibles
 d - 76 rations


   Skills:
 + Level 19.1 Fighting
 - Level 1.7 Throwing
 - Level 2.4 Dodging
 * Level 23.6 Unarmed Combat


You had 17 spell levels left.
You didn't know any spells.
Your spell library contained the following spells:

 Spells                   Type           Power        Failure   Level
 Apportation              Tloc           #.....       100%        1
 Beastly Appendage        Tmut           #.....       100%        1
 Foxfire                  Conj/Fire      #...         100%        1
 Magic Dart               Conj           #...         100%        1
 Summon Butterflies       Summ           #.......     100%        1
 Corpse Rot               Necr/Air       N/A          100%        2
 Searing Ray              Conj           #.....       100%        2
 Sticks to Snakes         Tmut           #.......     100%        2
 Conjure Flame            Conj/Fire      #.......     100%        3
 Dazzling Flash           Conj/Hex       #.....       100%        3
 Inner Flame              Hex/Fire       #.......     100%        3
 Lesser Beckoning         Tloc           #.........   100%        3
 Spider Form              Tmut/Pois      #.........   100%        3
 Tukima's Dance           Hex            #.......     100%        3
 Dispel Undead            Necr           #.......     100%        4
 Fulminant Prism          Conj/Hex       #.........   100%        4
 Ice Form                 Ice/Tmut       #.......     100%        4
 Iskenderun's Mystic Bla  Conj/Tloc      #.......     100%        4
 Sticky Flame             Conj/Fire      #.......     100%        4
 Agony                    Necr           #.......     100%        5
 Alistair's Intoxication  Tmut/Pois      #.......     100%        5
 Blade Hands              Tmut           #.........   100%        5
 Excruciating Wounds      Chrm/Necr      #.........   100%        5
 Fireball                 Conj/Fire      #.........   100%        5
 Invisibility             Hex            #.......     100%        6
 Sublimation of Blood     Necr           Unusable     N/A         2

Dungeon Overview and Level Annotations

Branches:
Dungeon (15/15)            Temple (1/1) D:7            Lair (6/6) D:8
 Shoals (4/4) Lair:3       Spider (0/4) Lair:2        Slime (0/5) Lair:6
    Orc (2/2) D:12            Elf (0/3) Orc:2        Vaults (0/5) D:14
 Depths (0/5) D:15        Ossuary (visited)

Altars:
Ashenzari
Cheibriados
Dithmenos
Elyvilon
Fedhas
Gozag
Hepliaklqana
Kikubaaqudgha
Makhleb
Nemelex Xobeh
Okawaru
Qazlal
Ru
Sif Muna
Trog
Uskayaw
Vehumet
Wu Jian
Xom
Yredelemnul
Zin
The Shining One

Shops:
D:7 *   D:8 %   D:11 %   Orc:2 }([[   Shoals:2 *

Annotations:
Shoals:1 2 transporters


Innate Abilities, Weirdness & Mutations

You are resistant to torment.
Your stone body is resilient. (AC +13)
You are immune to poison.
Your large and strong wings let you fly indefinitely.
You resist negative energy. (rN+)
You are resistant to electric shocks. (rElec)
You can survive without breathing.
You are immune to petrification.
You are immune to rotting.


Message History

The merfolk impaler hits you but does no damage.
The snapping turtle bites you but does no damage.
The merfolk impaler hits you with a +0 trident of venom.
* * * LOW HITPOINT WARNING * * *
You barely miss the merfolk impaler.
The merfolk impaler is heavily wounded.
The merfolk impaler hits you with a +0 trident of venom!
* * * LOW HITPOINT WARNING * * *
You pulverise the merfolk impaler!!!
The merfolk impaler is almost dead.
The snapping turtle bites you but does no damage.
The merfolk impaler hits you with a +0 trident of venom.
* * * LOW HITPOINT WARNING * * *
You completely miss the merfolk impaler.
The merfolk impaler is almost dead.
The merfolk impaler misses you.
You closely miss the merfolk impaler.
The merfolk impaler is almost dead.
The snapping turtle bites you!
You die...

≈≈≈≈≈≈≈≈≈≈≈≈≈≈≈≈≈
≈≈≈≈≈≈≈≈≈≈≈≈≈≈≈≈≈
≈≈≈≈≈≈≈≈≈≈≈≈≈≈≈≈≈
...≈≈≈≈≈≈≈≈≈≈≈≈≈≈
....≈≈≈≈≈≈≈≈≈≈≈≈≈
....≈≈≈≈≈≈≈≈≈≈≈≈≈
.....≈≈≈≈≈≈≈≈≈≈≈≈
.....≈≈≈≈≈≈≈≈≈≈≈≈
P....≈≈≈@t≈≈≈≈≈≈≈
.....≈≈≈≈m≈≈≈≈≈≈≈
##PP.≈≈≈≈≈≈≈≈≈≈≈≈
..PPP≈≈≈≈≈≈≈≈≈≈≈≈
..##P≈≈≈≈≈≈≈≈≈≈≈≈
. ≈≈.≈≈≈≈≈≈≈≈≈≈≈≈
.P≈#≈≈≈≈≈≈≈≈≈≈≈≈
.P##≈≈≈≈≈≈≈≈≈≈≈≈


You could see a merfolk impaler and a snapping turtle.

Vanquished Creatures
  2 krakens
  Agnes (D:15)
  A fire giant (D:13)
  A frost giant (D:13)
  An iron dragon (D:15)
  2 orc warlords
  Louise (D:13)
  The ghost of Guutt the Carver, a journeyman DrGl of Ashenzari (Lair:5)
  Nessos (D:15)
  A deep elf annihilator (D:15)
  Snorg (Orc:1)
  2 merfolk javelineers (Shoals:4)
  3 ettins
  Josephine (Lair:4)
  A fire dragon (D:15)
  2 merfolk impalers (Shoals:3)
  11 hydras
  Harold (D:9)
  3 merfolk avatars
  2 alligator snapping turtles (Shoals:4)
  A vault guard (D:14)
  2 catoblepae
  8 centaur warriors
  Erica (D:10)
  A merfolk aquamancer (Shoals:1)
  3 satyrs
  Urug (Lair:3)
  3 orc high priests (Orc:2)
  A deep troll earth mage (D:15)
  4 tengu warriors
  14 two-headed ogres
  2 ogre magi
  Nergalle (Lair:3)
  3 skeletal warriors
  A fire crab (D:15)
  A flayed ghost (D:15)
  2 wizards (D:15)
  5 unseen horrors
  9 sea snakes
  A deep troll (D:15)
  2 deep elf archers (D:14)
  A phantasmal warrior (D:13)
  A harpy (shapeshifter) (D:15)
  7 orc knights
  2 deep elf magi
  4 harpies (Shoals:1)
  3 necromancers (D:14)
  8 cyclopes
  3 oklob plants
  A salamander (shapeshifter) (D:15)
  6 orc sorcerers
  15 fauns
  A wolf spider (D:14)
  14 manticores
  5 ugly things
  4 black mambas
  13 elephants
  2 merfolk sirens
  9 water nymphs
  An ice statue (Lair:2)
  The ghost of turbopower10k the Destroyer, a novice TeCj of Vehumet (D:6)
  4 gargoyles
  9 cane toads
  Maggie (D:6)
  A komodo dragon (shapeshifter) (D:15)
  A freezing wraith (D:14)
  3 efreet
  A yaktaur (shapeshifter) (D:15)
  3 yaktaurs
  2 kobold demonologists
  7 komodo dragons
  An ice devil (Lair:2)
  2 rime drakes (Lair:3)
  2 jumping spiders (Lair:2)
  6 trolls
  A meliai (shapeshifter) (D:15)
  7 polar bears
  2 wind drakes (Shoals:2)
  24 merfolk
  5 hornets
  10 slime creatures
  A wolf spider simulacrum (D:15)
  7 blink frogs
  A meliai zombie (D:12)
  7 snapping turtles
  5 dream sheep
  A hippogriff (shapeshifter) (D:14)
  14 hippogriffs
  15 spriggans
  A centaur simulacrum (D:15)
  6 water elementals
  2 shadows (D:15)
  2 wyverns
  11 wraiths
  5 redbacks
  A tarantella (shapeshifter) (D:15)
  A vampire (D:15)
  3 basilisks
  A golden eye (shapeshifter) (D:15)
  23 yaks
  A steam dragon (D:15)
  20 humans
  2 vampire mosquitoes (D:15)
  5 wargs
  5 acid dragons
  16 water moccasins
  A floating eye (shapeshifter) (D:15)
  39 orc warriors
  6 porcupines
  A meliai simulacrum (D:15)
  13 ice beasts
  2 necrophages
  7 sky beasts
  6 black bears
  3 eyes of draining
  5 boggarts
  14 ogres
  16 wolves (Lair:6)
  8 centaurs
  2 phantoms
  10 crocodiles
  4 big kobolds
  6 elf zombies (Ossuary)
  19 bullfrogs
  4 scorpions
  19 killer bees
  12 wights
  An electric eel (Lair:4)
  7 howler monkeys
  6 centaur zombies
  2 bullfrog zombies
  3 quasits
  A gnoll shaman (Orc:2)
  7 jellies
  A human zombie (Ossuary)
  23 orc priests
  6 centaur skeletons
  6 hounds
  31 orc wizards
  3 bullfrog skeletons
  3 iguanas
  14 worker ants
  3 mummies (Ossuary)
  A worker ant zombie (D:6)
  5 gnolls
  10 adders
  A shadow imp (D:10)
  2 white imps
  An ufetubus (D:10)
  2 oozes
  6 adder skeletons
  3 adder zombies
  4 worms
  A dart slug (D:1)
  7 leopard geckos
  113 orcs
  5 ball pythons
  3 giant cockroaches
  2 goblins (D:3)
  4 hobgoblins
  17 jackals
  18 kobolds
  7 quokkas
  8 bats
  A frilled lizard (D:1)
  A quokka skeleton (D:6)
  A quokka zombie (D:5)
  8 rats
  7 plants
  9 tentacles
1015 creatures vanquished.

Vanquished Creatures (others)
  5 fungi (Lair:6)
  42 plants
  23 tentacles
70 creatures vanquished.

Grand Total: 1085 creatures vanquished

Notes
Turn   | Place    | Note
-------+----------+-------------------------------------------
     0 | D:1      | HoaS the Gargoyle Gladiator began the quest for the Orb.
     0 | D:1      | Reached XP level 1. HP: 12/12 MP: 1/1
   236 | D:1      | Reached XP level 2. HP: 18/18 MP: 2/2
   873 | D:2      | Reached XP level 3. HP: 6/22 MP: 3/3
  1162 | D:2      | Found a radiant altar of Vehumet.
  1190 | D:2      | Reached skill level 4 in Unarmed Combat
  1404 | D:2      | Found a sacrificial altar of Ru.
  1416 | D:2      | Reached XP level 4. HP: 25/28 MP: 4/4
  1734 | D:3      | Reached XP level 5. HP: 27/32 MP: 5/5
  1782 | D:3      | Reached skill level 5 in Unarmed Combat
  1891 | D:3      | Found an iron altar of Okawaru.
  2100 | D:4      | Found a sand-covered staircase.
  2119 | Ossuary  | Entered an ossuary
  2133 | Ossuary  | Reached XP level 6. HP: 38/38 MP: 6/6
  2171 | Ossuary  | Reached skill level 6 in Unarmed Combat
  2382 | Ossuary  | Reached XP level 7. HP: 40/44 MP: 7/7
  2407 | Ossuary  | Reached skill level 5 in Fighting
  2534 | Ossuary  | Reached skill level 7 in Unarmed Combat
  2809 | D:4      | Found a burning altar of Makhleb.
  2816 | D:4      | Became a worshipper of Makhleb the Destroyer
  2882 | D:4      | Reached XP level 8. HP: 47/51 MP: 8/8
  3481 | D:4      | Reached skill level 8 in Unarmed Combat
  3665 | D:5      | Entered Level 5 of the Dungeon
  3674 | D:5      | Found a blossoming altar of Fedhas.
  3772 | D:5      | Found a sacrificial altar of Ru.
  3772 | D:5      | Found a sparkling altar of Nemelex Xobeh.
  4049 | D:5      | Reached * piety under Makhleb
  4119 | D:5      | Found a white marble altar of Elyvilon.
  4120 | D:5      | Found a shimmering altar of Xom.
  4120 | D:5      | Found a shimmering blue altar of Sif Muna.
  4121 | D:5      | Found a shadowy altar of Dithmenos.
  4143 | D:5      | Found a hazy altar of Hepliaklqana.
  4148 | D:5      | Reached skill level 9 in Unarmed Combat
  4715 | D:6      | Reached XP level 9. HP: 57/57 MP: 9/9
  4816 | D:6      | Reached skill level 10 in Unarmed Combat
  4928 | D:6      | Reached ** piety under Makhleb
  5119 | D:6      | Noticed a cyclops
  5120 | D:6      | Found a transporter.
  5120 | D:6      | Found a transporter.
  5120 | D:6      | Noticed turbopower10k's ghost (novice TeCj)
  5254 | D:6      | Noticed Maggie
  5267 | D:6      | Killed Maggie
  5553 | D:6      | Reached skill level 11 in Unarmed Combat
  5969 | D:7      | Found a staircase to the Ecumenical Temple.
  6045 | D:7      | Reached XP level 10. HP: 66/66 MP: 10/10
  6076 | Temple   | Entered the Ecumenical Temple
  6575 | D:7      | Reached skill level 12 in Unarmed Combat
  6605 | D:7      | Found Dakiat's Lightly-Used Armoury.
  6891 | D:8      | Reached *** piety under Makhleb
  7147 | D:8      | Found Uhyrim's Food Shoppe.
  7147 | D:8      | Found a snail-covered altar of Cheibriados.
  7501 | D:8      | Found a blossoming altar of Fedhas.
  8002 | D:8      | Found a staircase to the Lair.
  8417 | D:9      | Noticed Harold
  8427 | D:9      | Killed Harold
  8427 | D:9      | Reached skill level 10 in Fighting
  8594 | D:9      | Noticed a two-headed ogre
  8609 | D:9      | Killed a two-headed ogre
  8609 | D:9      | Reached skill level 13 in Unarmed Combat
  8654 | D:9      | Found a bloodstained altar of Trog.
  8683 | D:9      | Reached XP level 11. HP: 73/73 MP: 11/11
  8700 | D:9      | Noticed a two-headed ogre
  8751 | D:9      | Killed a two-headed ogre
  8850 | D:9      | Found a blossoming altar of Fedhas.
  8852 | D:9      | Noticed an oklob plant
  8852 | D:9      | Noticed an oklob plant
  9230 | D:9      | Reached **** piety under Makhleb
  9415 | D:8      | Reached skill level 14 in Unarmed Combat
  9447 | D:10     | Entered Level 10 of the Dungeon
  9582 | D:10     | Noticed Erica
  9605 | D:10     | Killed Erica
  9670 | D:10     | Noticed a two-headed ogre
  9692 | D:10     | Killed a two-headed ogre
  9697 | D:10     | Killed an unseen horror
  9834 | D:10     | Reached ***** piety under Makhleb
 10062 | Lair:1   | Entered Level 1 of the Lair of Beasts
 10160 | Lair:1   | Reached skill level 15 in Unarmed Combat
 10160 | Lair:1   | Reached XP level 12. HP: 81/81 MP: 12/12
 11163 | Lair:2   | Noticed a six-headed hydra
 11177 | Lair:2   | Killed a six-headed hydra
 11469 | Lair:2   | Found a hole to the Spider Nest.
 12018 | D:6      | Reached skill level 16 in Unarmed Combat
 12029 | D:6      | Killed turbopower10k's ghost
 12433 | Lair:3   | Noticed Nergalle
 12449 | Lair:3   | Killed Nergalle
 12837 | Lair:3   | Found a staircase to the Shoals.
 13076 | Lair:4   | Noticed Urug
 13078 | Lair:4   | Reached XP level 13. HP: 88/88 MP: 13/13
 13137 | Lair:3   | Killed Urug
 13425 | Lair:4   | Noticed Josephine
 13449 | Lair:4   | Killed Josephine
 13449 | Lair:4   | Reached skill level 17 in Unarmed Combat
 14305 | Lair:5   | Found a runed translucent gate.
 14305 | Lair:5   | Found a runed translucent gate.
 14305 | Lair:5   | Found a runed translucent gate.
 14315 | Lair:5   | Noticed Guutt's ghost (journeyman DrGl)
 14872 | Lair:6   | Entered Level 6 of the Lair of Beasts
 15055 | Lair:6   | Reached ****** piety under Makhleb
 15128 | Lair:6   | Reached skill level 18 in Unarmed Combat
 15310 | Lair:6   | Gained mutation: Your large and strong wings let you fly
                  | indefinitely. [Gargoyle growth]
 15310 | Lair:6   | Reached XP level 14. HP: 81/96 MP: 14/14
 15753 | Lair:6   | Reached skill level 15 in Fighting
 15984 | Lair:6   | Found a staircase to the Slime Pits.
 16303 | Lair:5   | Reached skill level 19 in Unarmed Combat
 16342 | Lair:5   | Killed Guutt's ghost
 16645 | Lair:5   | Got a clouded iron ring
 16647 | Lair:5   | Identified the ring "Lafomyho" {rElec rC- Str+6 Int+4
                  | Dex+3} (You found it on level 5 of the Lair of Beasts)
 17759 | D:11     | Found Marepekh's Food Emporium.
 18646 | D:12     | Identified the +3 dagger "Dentyidgh" {protect, MP+9}
 18950 | D:12     | Reached XP level 15. HP: 104/104 MP: 13/15
 18990 | D:12     | Found a staircase to the Orcish Mines.
 19254 | Orc:1    | Entered Level 1 of the Orcish Mines
 19361 | Orc:2    | Entered Level 2 of the Orcish Mines
 19361 | Orc:2    | Noticed Snorg
 19374 | Orc:1    | Killed Snorg
 19408 | Orc:2    | Noticed an orc warlord
 19461 | Orc:1    | Killed an orc warlord
 19730 | Orc:2    | Reached skill level 20 in Unarmed Combat
 20413 | Orc:2    | Found a staircase to the Elven Halls.
 20723 | Orc:2    | Found Vuatur's Gadget Emporium.
 20723 | Orc:2    | Found Jegisoip's Armour Shop.
 20735 | Orc:2    | Found Tur Nihaorr's Antique Armour Shop.
 20735 | Orc:2    | Found Qarep's Antique Weapon Emporium.
 20749 | Orc:2    | Bought the +0 mask of the Dragon {MR+ Slay+3 SInv} for 1169
                  | gold pieces
 20749 | Orc:2    | Found the +0 mask of the Dragon {MR+ Slay+3 SInv}
 20920 | Orc:1    | Noticed an orc warlord
 21099 | Orc:2    | Killed an orc warlord
 21992 | D:13     | Noticed a frost giant
 22002 | D:13     | Killed a frost giant
 22191 | D:13     | Noticed a fire giant
 22204 | D:13     | Killed a fire giant
 22484 | D:13     | Reached skill level 21 in Unarmed Combat
 22644 | D:14     | Noticed Louise
 22661 | D:13     | Reached XP level 16. HP: 112/112 MP: 16/16
 22782 | D:13     | Killed Louise
 23492 | D:14     | Found a gate to the Vaults.
 23657 | D:15     | Entered Level 15 of the Dungeon
 23703 | D:15     | Noticed Agnes
 23716 | D:15     | Killed Agnes
 23806 | D:15     | Found a bloodstained altar of Trog.
 23807 | D:15     | Found a snail-covered altar of Cheibriados.
 23807 | D:15     | Found a shattered altar of Ashenzari.
 24200 | D:15     | Found a staircase to the Depths.
 24400 | D:15     | Reached skill level 22 in Unarmed Combat
 24488 | D:15     | Found the +2 ratskin cloak {+Rats rPois rN+ Str-1 Int-1
                  | Dex+1}
 24871 | D:15     | Reached XP level 17. HP: 119/119 MP: 17/17
 25012 | D:15     | Noticed Nessos
 25031 | D:15     | Killed Nessos
 25558 | Shoals:1 | Entered Level 1 of the Shoals
 25826 | Shoals:1 | Found a transporter.
 25845 | Shoals:1 | Found a transporter.
 25846 | Shoals:1 | Noticed a kraken
 26141 | Shoals:1 | Killed a kraken
 27144 | Shoals:2 | Found Lalez's Island Escapes.
 27157 | Shoals:2 | Bought a scroll of blinking for 97 gold pieces
 27157 | Shoals:2 | Bought a scroll of teleportation for 39 gold pieces
 27157 | Shoals:2 | Bought a potion of haste for 130 gold pieces
 27180 | Shoals:2 | Reached skill level 23 in Unarmed Combat
 28305 | Shoals:3 | Noticed a kraken
 28330 | Shoals:3 | Killed a kraken
 28922 | Shoals:4 | Entered Level 4 of the Shoals
 29073 | Shoals:4 | Reached XP level 18. HP: 98/128 MP: 18/18
 29421 | Shoals:4 | Slain by a snapping turtle

Illustrated notes

Levels and vault maps discovered:
D:1:      roderic_octagonal_star, layout_basic, minmay_pentomino_t4
D:2:      layout_loops_ring, vehumet_crystals,
          nicolae_ru_great_annihilating_truth
D:3:      layout_basic, okawaru_metal_pillars_1_2
D:4:      layout_loops_cross, lemuel_crystal_altar, first_ration,
          lightli_ossuary_entry_decrepit_ruins
D:5:      layout_gridville, overflow_temple_1_default, old_standard_altar,
          chequers_temple_overflow_statue_of_worship,
          gammafunk_temple_overflow_wave, minmay_liquid_box,
          hangedman_decor_points, st_stairs_2, chequers_serial_rivers_room_b,
          minmay_circle_x
D:6:      layout_loops_ring, gammafunk_ghost_arena, uniq_maggie
D:7:      layout_cave_pools, minmay_temple_entry_glass, minmay_shop_damaged
D:8:      layout_layer_cave, david_lair_shrubbed, serial_shops, shop_fountains,
          basic_altar, fedhas_altar_2
D:9:      layout_gridville, trog_ov_bears_minmay, hangedman_fish_farm,
          minmay_statues_item, minivault_25_ag, skrybe_limestone_x,
          hangedman_tree_tricks, uniq_harold
D:10:     layout_roguey, minmay_between, uniq_erica
D:11:     layout_irregular_city, serial_shops, shop, minmay_misc_feat_enclosed
D:12:     layout_basic, erik_orc_4
D:13:     minmay_box_of_curves, layout_rooms, minmay_joined_circles
D:14:     hangedman_cross_stitches, layout_basic, grunt_vaults_entry_tiered,
          serial_rivers, chequers_serial_rivers_marsh,
          chequers_serial_rivers_small_a, chequers_serial_rivers_micro_e,
          chequers_serial_rivers_micro_a, uniq_louise
D:15:     hangedman_slaughterboxes, uniq_agnes, uniq_nessos
Temple:   chequers_temple_sunken
Lair:1:   layout_small_grid, st_stairs_11, serial_bayou_shore_b
Lair:2:   layout_chaotic_city, nicolae_spider_entry_tight_spaces, ice2_lemuel,
          serial_bayou_shore_a
Lair:3:   layout_loops_ring, minmay_shoals_entry_hut, grunt_megastairs_2,
          infiniplex_staircase_pool_2, serial_bayou_shore_b, uniq_nergalle
Lair:4:   layout_gridlike, nicolae_quartered_pool_super, uniq_josephine,
          uniq_urug
Lair:5:   layout_concentric_octagons, gammafunk_ghost_hydra_chop, wad_woods_03
Lair:6:   minmay_lair_end_enchanted_forest, layout_gridlike,
          dpeg_slime_entry_corner
Shoals:1: gammafunk_the_bubble [the_bubble_gammafunk_plus_minus], layout_shoals,
          nicolae_shoals_stone_sculpture_thing
Shoals:2: layout_shoals, nicolae_island_escapes
Shoals:3: layout_shoals, yaktaur_hedge
Shoals:4: shoals_end_grunt_garden, layout_shoals
Orc:1:    layout_caves
Orc:2:    grunt_orc_tribal_feast, layout_diamond_mine,
          lightli_volcano_entry_magma_tube, uniq_snorg

Skill      XL: |  1  2  3  4  5  6  7  8  9 10 11 12 13 14 15 16 17 |
---------------+----------------------------------------------------+-----
Unarmed Combat | 4 5 6 7 9 11 13 15 16 18 19 21 22 23 | 23.6
Fighting       | 3 4 5 7 9 10 11 13 14 15 16 18 19 | 19.1
Throwing       | |  1.7
Dodging        | |  2.4

Action                   |  1- 3 |  4- 6 |  7- 9 | 10-12 | 13-15 | 16-18 || total
-------------------------+-------+-------+-------+-------+-------+-------++-------
Melee: Unarmed           |   119 |   217 |   531 |   819 |  1511 |   985 ||  4182
       Punch             |     1 |     2 |    15 |    30 |   108 |    76 ||   232
Throw: Throwing net      |       |       |     1 |     7 |       |       ||     8
       Boomerang         |       |       |       |     4 |       |       ||     4
 Abil: Fly               |       |       |       |       |     1 |       ||     1
Evoke: Wand              |       |       |       |       |     1 |     3 ||     4
  Use: Scroll            |     5 |     3 |     5 |     9 |    10 |    10 ||    42
       Potion            |       |       |       |     1 |     6 |     5 ||    12
 Stab: Paralysed         |       |     1 |       |       |       |       ||     1
       Sleeping          |       |       |     2 |       |       |       ||     2
       Held in net/web   |       |       |     1 |     5 |       |       ||     6
  Eat: Ration            |     1 |     1 |     3 |     6 |     8 |     5 ||    24
Armor: Leather armour    |    41 |     4 |       |       |       |       ||    45
       Scale mail        |       |    80 |   194 |       |       |       ||   274
       Chain mail        |       |       |    70 |       |       |       ||    70
       Plate armour      |       |       |    40 |   710 |  1108 |   663 ||  2521
Dodge: Dodged            |    77 |    75 |   188 |   289 |   578 |   451 ||  1658

Table legend:
 A = Non-vault XP
 B = Vault XP
 C = Vault XP percentage of total XP
 D = Non-vault monster count
 E = Vault monster count
 F = Vault count percentage of total count
                 A         B        C        D         E       F
            +---------+---------+-------+---------+---------+-------
      Total |  130572 |  118396 |  47.6 |     673 |     326 |  32.6
            +---------+---------+-------+---------+---------+-------
        D:1 |      24 |       4 |  14.3 |      10 |       3 |  23.1
        D:2 |      37 |      57 |  60.6 |      12 |       4 |  25.0
        D:3 |     113 |       0 |   0.0 |      30 |       0 |   0.0
        D:4 |     297 |       0 |   0.0 |      24 |       0 |   0.0
        D:5 |     648 |     239 |  26.9 |      15 |       7 |  31.8
        D:6 |    1631 |    1500 |  47.9 |      37 |       5 |  11.9
        D:7 |     882 |       0 |   0.0 |      20 |       0 |   0.0
        D:8 |    1092 |     361 |  24.8 |      23 |       1 |   4.2
        D:9 |    3873 |    2681 |  40.9 |      30 |       6 |  16.7
       D:10 |    3418 |    1103 |  24.4 |      34 |       3 |   8.1
       D:11 |    7172 |     171 |   2.3 |      41 |       3 |   6.8
       D:12 |    5978 |     510 |   7.9 |      23 |      11 |  32.4
       D:13 |    2962 |   19303 |  86.7 |      24 |      32 |  57.1
       D:14 |    4991 |   10783 |  68.4 |      24 |      33 |  57.9
       D:15 |       0 |   44928 | 100.0 |       0 |      84 | 100.0
     Temple |     520 |       0 |   0.0 |       7 |       0 |   0.0
     Lair:1 |    2659 |     731 |  21.6 |      11 |       4 |  26.7
     Lair:2 |    3184 |    3675 |  53.6 |      10 |      17 |  63.0
     Lair:3 |    4128 |    2275 |  35.5 |      18 |       4 |  18.2
     Lair:4 |    1298 |    1927 |  59.8 |       7 |       5 |  41.7
     Lair:5 |    4303 |    3783 |  46.8 |      13 |       5 |  27.8
     Lair:6 |   16380 |    9694 |  37.2 |      38 |      46 |  54.8
   Shoals:1 |   20894 |       0 |   0.0 |      42 |       0 |   0.0
   Shoals:2 |    6829 |       0 |   0.0 |      15 |       0 |   0.0
   Shoals:3 |   16532 |     343 |   2.0 |      30 |       1 |   3.2
   Shoals:4 |    8316 |    4434 |  34.8 |      15 |       6 |  28.6
      Orc:1 |    3569 |    2449 |  40.7 |      30 |       5 |  14.3
      Orc:2 |    8842 |    6539 |  42.5 |      90 |      26 |  22.4
    Ossuary |       0 |     906 | 100.0 |       0 |      15 | 100.0
            +---------+---------+-------+---------+---------+-------
